Map: [ESL] Oceanborn

Players

Ukko

  • Race: Zerg Zerg
  • Spawn Location: 5:00

Kelazhur - Winner!

  • Race: Terran Terran
  • Spawn Location: 11:00

Event: ESL SC2 Masters 2023 Winter (Regional)

VOD

Have the link to the VOD?

Description

Time

  • Played on: Oct. 27, 2023, 1:49 p.m.
  • Length: 8:56

All games in this series

Show
View Real Time Build Order
Export as new Build Order

Ukko Zerg 

Build Orders: Hatch First 

Get SALT Encoding   

  12  0:00  Drone  
  13  0:12  Overlord  
  13  0:18  Drone  
  14  0:31  Drone x2  
  16  0:47  Hatchery  
  15  0:50  Drone  
  15  0:54  Drone  
  17  1:00  Drone  
  18  1:09  Extractor  
  17  1:15  Spawning Pool  
  17  1:16  Drone  
  17  1:19  Drone  
  18  1:27  Drone  
  19  1:39  Drone  
  20  1:49  Drone  
  21  2:01  Queen  
  21  2:02  Queen  
  21  2:05  Zergling x4  
  27  2:10  Overlord  
  27  2:12  Drone  
  28  2:17  Metabolic Boost  
  28  2:28  Drone x2  
  29  2:32  Overlord  
  29  2:37  Queen x2  
  33  2:50  Drone x3  
  35  2:57  Overlord  
  35  2:58  Drone  
  35  3:07  Drone x2  
  37  3:17  Drone x6  
  43  3:23  Spore Crawler  
  43  3:25  Zergling x4  
  45  3:34  Zergling x2  
  46  3:35  Queen x2  
  50  3:41  Overlord  
  50  3:49  Hatchery  
  50  3:55  Drone x2  
  51  3:56  Overlord  
  51  3:58  Overlord  
  51  4:02  Overlord  
  51  4:03  Drone  
  51  4:09  Drone x4  
  56  4:18  Queen  
  56  4:21  Queen  
  60  4:28  Zergling x10  
  64  4:37  Zergling x8  
  67  4:45  Zergling x4  
  69  4:52  Zergling x2  
  70  4:54  Baneling Nest  
  70  4:57  Queen  
  71  5:05  Zergling x16  
  79  5:16  Drone x3  
  82  5:23  Drone x4  
  86  5:28  Overlord  
  86  5:29  Overlord x2  
  86  5:30  Drone  
  86  5:33  Drone x2  
  89  5:38  Drone  
  89  5:40  Baneling x3  
  89  5:42  Baneling x3  
  90  5:45  Overlord  
  90  5:46  Queen  
  90  5:47  Queen  
  94  5:51  Zergling x12  
  94  5:53  Baneling  
  94  5:54  Baneling  
  94  5:56  Queen  
  102  6:01  Zergling x10  
  102  6:02  Zergling x2  
  108  6:07  Zergling x4  
  110  6:12  Zergling x4  
  112  6:20  Drone x6  
  112  6:21  Overlord  
  112  6:22  Overlord  
  118  6:32  Overlord x3  
  118  6:36  Lair  
  118  6:40  Extractor, Drone x4  
  118  6:42  Extractor  
  118  6:44  Evolution Chamber x2  
  118  6:47  Drone x5  
  118  6:50  Drone  
  118  6:51  Drone x2  
  118  6:52  Extractor  
  125  6:55  Zergling x2  
  125  7:01  Spore Crawler  
  125  7:03  Zergling x4  
  125  7:07  Baneling x2  
  125  7:08  Baneling x2  
  127  7:09  Zergling x12  
  133  7:22  Zergling x14  
  128  7:25  Zergling x4  
  114  7:31  Extractor  
  114  7:34  Extractor  
  114  7:35  Zergling x4  
  111  7:42  Overlord x2  
  111  7:45  Zergling x4  
  111  7:48  Zergling x14  
  111  7:51  Hatchery  
  116  8:00  Queen  
  116  8:02  Zergling x8  
  122  8:06  Zergling x4  
  122  8:12  Zergling x6  
  125  8:23  Zergling x10, Drone  
  114  8:35  Zergling x8  
Show
View Real Time Build Order
Export as new Build Order

Kelazhur Terran - Winner!

Build Orders:  

Get SALT Encoding   

  12  0:00  SCV  
  13  0:12  SCV  
  14  0:19  Supply Depot  
  14  0:24  SCV  
  15  0:40  SCV  
  15  0:42  Barracks  
  16  0:44  Refinery  
  16  0:52  SCV  
  17  0:59  Barracks  
  17  1:04  SCV  
  18  1:16  SCV  
  19  1:28  Orbital Command, Reaper  
  20  1:33  Supply Depot  
  20  1:46  Reaper  
  21  1:54  SCV  
  22  2:04  Reaper  
  22  2:06  SCV  
  24  2:10  Command Center  
  24  2:18  SCV  
  24  2:22  Barracks Reactor  
  25  2:27  Barracks  
  25  2:30  SCV  
  26  2:38  Barracks Tech Lab  
  26  2:42  SCV  
  27  2:44  Supply Depot  
  27  2:54  SCV  
  27  2:57  Marine  
  29  2:58  Refinery  
  29  3:00  Marine x2  
  31  3:07  SCV  
  31  3:09  Stimpack  
  32  3:15  Marine  
  32  3:18  Barracks Tech Lab, Marine x2  
  32  3:19  SCV  
  36  3:24  Orbital Command  
  36  3:31  SCV  
  36  3:33  Marine  
  38  3:38  Combat Shield, Marine x3  
  41  3:43  SCV  
  42  3:49  SCV  
  42  3:50  Marine  
  42  3:55  Marine x2, Supply Depot  
  44  3:56  Marine  
  44  3:57  SCV  
  44  4:01  SCV  
  49  4:09  Factory, SCV  
  50  4:11  Marine  
  50  4:13  Marine x2  
  50  4:14  SCV  
  50  4:16  Marine  
  55  4:20  Supply Depot  
  55  4:25  SCV  
  55  4:29  SCV, Marine  
  55  4:31  Supply Depot, Engineering Bay  
  58  4:36  Marine  
  58  4:37  SCV, Marine x2  
  62  4:41  SCV  
  62  4:43  Supply Depot  
  63  4:49  SCV, Refinery  
  63  4:50  Marine  
  65  4:53  Factory Reactor, SCV, Starport  
  65  4:58  Marine x2  
  68  5:01  SCV  
  68  5:06  SCV  
  70  5:11  Marine x2  
  70  5:13  SCV  
  70  5:14  Terran Infantry Weapons Level 1  
  73  5:18  Supply Depot, SCV, Marine  
  75  5:25  SCV  
  75  5:28  Marine  
  76  5:30  SCV  
  76  5:31  Marine x2  
  80  5:37  Marine  
  80  5:38  Factory Tech Lab, SCV  
  80  5:39  Medivac x2  
  80  5:40  Supply Depot  
  86  5:50  Marine  
  86  5:51  Refinery  
  86  5:52  Barracks x2, Marine  
  89  5:57  SCV  
  89  6:00  Barracks Reactor  
  89  6:01  SCV  
  89  6:02  Marine  
  91  6:08  Marine  
  91  6:09  Siege Tank  
  91  6:10  Medivac x2  
  99  6:16  Supply Depot, Marine  
  100  6:23  Marine  
  101  6:26  Marine  
  102  6:37  Command Center  
  102  6:38  Marine  
  102  6:39  Marine  
  104  6:40  Barracks Reactor, Medivac x2  
  104  6:43  Marine  
  109  6:48  Marine  
  110  6:59  Supply Depot  
  110  7:00  Barracks Reactor, Marine x3  
  110  7:01  Siege Tank, Marine  
  117  7:09  Marine  
  117  7:12  Supply Depot  
  118  7:21  Medivac, Marine  
  120  7:25  Marine x2  
  115  7:31  Marine x4  
  118  7:38  Medivac  
  118  7:39  Marine  
  118  7:41  Marine x2  
  118  7:43  Marine x2  
  125  7:48  Orbital Command  
  125  7:49  Marine x4  
  127  7:56  Marine  
  127  7:59  Marine x2  
  127  8:01  Siege Tank  
  127  8:02  Marine  
  127  8:05  Marine, SCV x2  
  134  8:09  Armory  
  135  8:14  Orbital Command  
  135  8:16  Marine  
  136  8:21  Marine x7  
  136  8:22  SCV  
  136  8:23  Marine  
  144  8:34  Marine  
Tags
 
Add a new tag
Caveats
  • Supply blocks, unpowered buildings, or Contaminate may cause inaccurate times.
  • Supply counts are checked every 10 seconds.